 Dungeon Crawl Stone Soup version 0.24-a0-613-g1ff6aac338 (webtiles) character file.

Game seed: 4822679098906322971, levelgen mode: deterministic

5 MirrMurr the Sneak (level 1, 0/9 HPs)
             Began as a Spriggan Enchanter on Sept 10, 2019.
             Slain by a leopard gecko (4 damage)
             ... on level 1 of the Dungeon.
             The game lasted 00:01:38 (579 turns).

MirrMurr the Sneak (Spriggan Enchanter)              Turns: 579, Time: 00:01:39

Health: 0/9        AC:  2    Str:  4    XL:     1   Next: 66%
Magic:  4/5        EV: 18    Int: 16    God:
Gold:   47         SH:  0    Dex: 16    Spells: 4/5 levels left

rFire    . . .     SeeInvis +   a - +1 dagger
rCold    . . .     Gourm    .   (shield restricted)
rNeg     . . .     Faith    .   b - +0 robe
rPois    .         Spirit   .   (helmet restricted)
rElec    .         Reflect  .   (no cloak)
rCorr    .         Harm     .   (gloves unavailable)
MR       .....                  (boots unavailable)
Stlth    +++.......             (no amulet)
HPRegen  0.03/turn              (no ring)
MPRegen  0.09/turn              (no ring)

@: very quick
A: very small, unfitting armour, see invisible, herbivore, speed 3, slow
metabolism 2
a: no special abilities


You were on level 1 of the Dungeon.
You were not hungry.

You visited 1 branch of the dungeon, and saw 1 of its levels.

You collected 47 gold pieces.

Inventory:

Hand Weapons
 a - a +1 dagger (weapon)
 g - a +0 hunting sling
Missiles
 f - 62 stones (quivered)
Armour
 b - a +0 robe (worn)
Scrolls
 e - a scroll of magic mapping {unknown}
 i - 2 scrolls of identify {unknown}
 l - a scroll of enchant weapon {unknown}
Potions
 c - a potion of resistance {unknown}
 h - a potion of curing {unknown}
 j - a potion of might {unknown}
 k - a potion of berserk rage {unknown}
Comestibles
 d - 3 rations


   Skills:
 + Level 1.5 Short Blades
 - Level 3.0 Dodging
 + Level 4.7 Stealth
 - Level 2.6 Spellcasting
 - Level 3.6 Hexes


You had 4 spell levels left.
You knew the following spells:

 Your Spells              Type           Power        Failure   Level  Hunger
a - Corona                Hex            ##.....      4%          1    #......

Your spell library contained the following spells:

 Spells                   Type           Power        Failure   Level  Hunger
 Confuse                  Hex            ##......     13%         3    ###....
 Tukima's Dance           Hex            ##......     13%         3    ###....
 Ensorcelled Hibernation  Hex/Ice        #.....       14%         2    ##.....
 Dazzling Spray           Conj/Hex       #.....       28%         3    ###....


Dungeon Overview and Level Annotations

Branches:
Dungeon (1/15)

Altars:


Innate Abilities, Weirdness & Mutations

You are very small and have problems with some larger weapons.
You are too small for most types of armour.
You have supernaturally acute eyesight. (SInv)
You are a herbivore.
You cover ground extremely quickly.
You need to consume almost no food.


Message History

Press: ? - help, Shift-Dir - straight line, f/p - leopard gecko
Aim: a leopard gecko (clinging, chance to defeat MR: 67%)
The leopard gecko is outlined in light.
Unknown command.
You barely miss the leopard gecko. The leopard gecko closely misses you.
You barely miss the leopard gecko. The leopard gecko bites you.
You hit the leopard gecko.
The leopard gecko is heavily wounded.
The leopard gecko misses you.
You hit the leopard gecko.
The leopard gecko is almost dead.
The leopard gecko bites you.
You are too injured to fight recklessly!
You are too injured to fight recklessly!
You are too injured to fight recklessly!
You are too injured to fight recklessly!
You hit the leopard gecko but do no damage.
The leopard gecko is almost dead.
The leopard gecko bites you.
You die...

### #.# #. ..# #.# #.####.######
#.# ### #)# .#..........# #.#
#.# #.####.####># #.# #.#
####...# #.# ##.#############.#
...#.### #.###................#
.#.#.## ##.#......############..
.#....## #............# .#
.#.....###......@#.##l# .#
................l#.##.# .#
.#.....###.......#.##.# .#
.##........#...#.#.##.# .#
..####.(.........#.##.#########
.#.##########.##รท#.##.........#
.........# #.##.#.##########$#
##.#####[####.##.#.# .# ..##
#.........#.# .l


You could see a leopard gecko.

Vanquished Creatures
  A leopard gecko (D:1)
  2 goblins (D:1)
  A frilled lizard (D:1)
4 creatures vanquished.

Notes
Turn   | Place    | Note
-------+----------+-------------------------------------------
     0 | D:1      | MirrMurr the Spriggan Enchanter began the quest for the
                  | Orb.
     0 | D:1      | Reached XP level 1. HP: 9/9 MP: 5/5
   579 | D:1      | Slain by a leopard gecko

Levels and vault maps discovered:
D:1:      sevenhm_arrival_forest_fort_small_3, layout_loops_ring

Action                   || total
-------------------------++-------
Melee: Dagger            ||    12
 Cast: Corona            ||     3
 Stab: Sleeping          ||     2
Dodge: Dodged            ||     4

Table legend:
 A = Non-vault XP
 B = Vault XP
 C = Vault XP percentage of total XP
 D = Non-vault monster count
 E = Vault monster count
 F = Vault count percentage of total count
                 A         B        C        D         E       F
            +---------+---------+-------+---------+---------+-------
      Total |       8 |       0 |   0.0 |       4 |       0 |   0.0
            +---------+---------+-------+---------+---------+-------
        D:1 |       8 |       0 |   0.0 |       4 |       0 |   0.0
            +---------+---------+-------+---------+---------+-------
